Map: Remanso LE

Players

pondf - Winner!

  • Race: Protoss Protoss
  • League: Bronze
  • Spawn Location: 11:00

IagoAbreu

  • Race: Terran Terran
  • League: Silver
  • Spawn Location: 5:00

VOD

Have the link to the VOD?

Description

Time

  • Played on: March 6, 2018, 1:09 p.m.
  • Length: 21:52
Show
View Real Time Build Order
Export as new Build Order

pondf Protoss - Winner!

Build Orders:  

Get SALT Encoding   

  12  0:01  Probe  
  13  0:16  Probe  
  14  0:51  Pylon  
  14  0:55  Pylon  
  14  1:09  Probe  
  15  1:14  Nexus  
  15  1:21  Probe  
  15  1:23  Gateway  
  16  1:30  Assimilator  
  16  1:33  Probe  
  17  1:40  Assimilator  
  17  2:07  Probe  
  18  2:14  Forge  
  18  2:19  Pylon  
  18  2:21  Probe (Chrono Boost)  
  19  2:26  Probe (Chrono Boost)  
  20  2:37  Probe x2 (Chrono Boost)  
  22  2:39  Cybernetics Core  
  22  2:41  Probe (Chrono Boost)  
  22  2:44  Probe  
  24  2:46  Pylon  
  24  2:53  Probe  
  24  2:54  Assimilator  
  24  2:56  Probe  
  26  3:05  Probe  
  27  3:12  Photon Cannon  
  27  3:17  Probe  
  27  3:18  Photon Cannon  
  28  3:23  Photon Cannon  
  28  3:24  Warp Gate (Chrono Boost)  
  28  3:29  Probe  
  28  3:30  Probe  
  30  3:41  Pylon  
  30  3:45  Probe (Chrono Boost)  
  30  3:47  Probe (Chrono Boost)  
  33  3:57  Probe (Chrono Boost)  
  33  3:58  Probe (Chrono Boost)  
  33  4:02  Probe (Chrono Boost)  
  35  4:10  Gateway  
  35  4:12  Gateway  
  35  4:13  Probe  
  35  4:14  Gateway  
  36  4:22  Shield Battery  
  36  4:25  Probe  
  36  4:30  Photon Cannon  
  37  4:32  Shield Battery  
  37  4:34  Shield Battery  
  37  4:38  Gateway  
  37  4:40  Pylon  
  37  4:48  Protoss Ground Weapons Level 1 (Chrono Boost)  
  37  4:50  Pylon  
  37  4:59  Pylon  
  37  5:04  Pylon  
  37  5:10  Pylon  
  37  5:12  Photon Cannon  
  37  5:19  Photon Cannon  
  37  5:30  Gateway  
  37  5:37  Gateway  
  37  5:40  Zealot  
  37  5:41  Zealot  
  37  5:42  Zealot x2  
  45  5:43  Zealot  
  47  5:52  Twilight Council  
  47  5:55  Photon Cannon  
  47  5:59  Shield Battery  
  47  6:05  Photon Cannon  
  47  6:21  Zealot  
  47  6:22  Zealot x2  
  47  6:23  Zealot  
  47  6:24  Zealot  
  47  6:25  Protoss Ground Armor Level 1 (Chrono Boost)  
  57  6:29  Charge (Chrono Boost)  
  57  6:31  Stalker  
  59  6:51  Stalker  
  59  6:53  Stalker  
  63  6:56  Stalker  
  63  6:57  Stalker  
  63  7:00  Sentry  
  63  7:01  Sentry  
  71  7:02  Sentry  
  73  7:34  Probe  
  72  7:46  Probe  
  72  7:50  Blink (Chrono Boost)  
  65  7:54  Stalker  
  65  7:55  Stalker x2  
  65  7:56  Stalker, Protoss Ground Weapons Level 2 (Chrono Boost)  
  65  7:57  Zealot  
  65  7:58  Zealot  
  53  7:59  Zealot  
  53  8:13  Stargate  
  53  8:17  Stargate  
  53  8:24  Pylon  
  53  8:26  Zealot  
  55  8:27  Zealot  
  55  8:28  Zealot  
  55  8:29  Zealot  
  55  8:32  Stalker  
  55  8:33  Zealot  
  65  8:36  Sentry  
  67  8:48  Zealot  
  67  8:49  Zealot  
  67  8:50  Zealot  
  67  8:51  Zealot  
  67  8:54  Zealot  
  77  8:58  Zealot  
  77  9:02  Zealot  
  81  9:12  Void Ray  
  81  9:35  Nexus  
  59  10:02  Protoss Shields Level 1 (Chrono Boost)  
  59  10:06  Stalker  
  61  10:07  Stalker x2  
  61  10:08  Zealot x2  
  61  10:10  Stalker  
  61  10:11  Stalker  
  73  10:36  Stalker  
  73  10:37  Stalker  
  73  10:38  Stalker  
  73  10:39  Zealot, Stalker  
  73  10:40  Zealot x2  
  63  11:17  Void Ray  
  57  11:20  Zealot  
  57  11:21  Zealot x2  
  57  11:22  Stalker  
  57  11:23  Zealot, Stalker  
  57  11:25  Zealot  
  57  11:42  Zealot x2  
  57  11:43  Zealot  
  57  11:45  Stalker  
  57  11:46  Protoss Ground Armor Level 2 (Chrono Boost)  
  65  11:59  Void Ray  
  63  12:12  Zealot x2  
  63  12:13  Zealot x2  
  63  12:14  Zealot x2  
  59  12:16  Zealot  
  45  12:38  Zealot x2  
  45  12:39  Zealot x2  
  45  12:40  Zealot x2  
  45  12:41  Zealot  
  47  12:49  Void Ray  
  47  13:14  Stalker x2  
  51  13:29  Stalker x2  
  51  13:30  Stalker  
  51  13:31  Zealot  
  45  13:51  Zealot x2  
  45  13:52  Zealot  
  45  13:55  Zealot  
  33  15:03  Nexus  
  29  15:27  Stalker  
  29  15:28  Stalker x2  
  33  15:29  Stalker  
  33  15:30  Zealot  
  33  15:35  Protoss Ground Armor Level 3 (Chrono Boost)  
  39  15:58  Stalker  
  41  16:10  Zealot  
  43  16:16  Stalker  
  45  16:40  Zealot x2  
  45  16:41  Zealot  
  45  16:42  Stalker  
  53  16:48  Stalker  
  51  17:18  Zealot x2  
  51  17:19  Zealot x2  
  51  17:20  Stalker  
  51  17:22  Stalker  
  63  17:23  Stalker  
  65  17:44  Zealot  
  65  17:45  Zealot x2  
  71  17:52  Protoss Ground Weapons Level 3 (Chrono Boost)  
  43  18:15  Stalker x3  
  43  18:18  Stalker  
  45  18:20  Void Ray  
  49  18:29  Void Ray  
  51  18:36  Stalker  
  51  18:38  Zealot  
  55  18:43  Stalker  
  55  18:46  Zealot  
  59  18:49  Sentry  
  59  18:51  Sentry  
  59  18:53  Sentry  
  65  19:00  Stalker  
  67  19:04  Sentry  
  67  19:07  Stalker  
  71  19:10  Stalker  
  71  19:13  Zealot  
  64  19:45  Protoss Air Weapons Level 1  
  48  20:07  Stalker  
  48  20:08  Stalker x2  
  48  20:09  Zealot, Stalker  
  48  20:10  Zealot x2  
  40  21:05  Stalker x2  
  40  21:06  Stalker  
  40  21:07  Stalker  
  40  21:08  Zealot x2  
Show
View Real Time Build Order
Export as new Build Order

IagoAbreu Terran 

Build Orders:  

Get SALT Encoding   

  12  0:10  Supply Depot  
  12  0:13  SCV  
  13  0:25  SCV  
  14  0:33  Supply Depot  
  14  0:37  SCV  
  14  0:42  Refinery  
  15  0:49  SCV  
  16  0:58  Barracks  
  16  1:03  SCV  
  17  1:19  Engineering Bay  
  17  1:20  SCV  
  18  1:32  SCV  
  19  1:42  Barracks  
  19  1:44  SCV  
  20  1:49  Bunker  
  20  1:51  Barracks Reactor  
  20  2:02  Orbital Command  
  20  2:10  Refinery  
  20  2:14  Terran Infantry Weapons Level 1  
  20  2:31  Marine  
  20  2:32  Marine  
  22  2:37  Barracks Reactor  
  22  2:44  SCV  
  22  2:49  Marine x2  
  25  2:56  SCV  
  26  3:01  Factory  
  26  3:11  Marine  
  26  3:12  Marine  
  28  3:17  Marine  
  28  3:18  Marine  
  30  3:29  Marine  
  31  3:35  Supply Depot  
  31  3:38  Supply Depot  
  31  3:43  Supply Depot  
  31  3:50  Factory Tech Lab  
  31  3:56  Marine x3  
  34  4:16  Command Center  
  34  4:20  Starport  
  34  4:22  Siege Tank  
  37  4:31  Marine x2  
  37  4:33  Marine x2  
  41  4:45  Terran Infantry Armor Level 1  
  41  4:49  Armory  
  41  5:14  Siege Tank  
  44  5:32  Barracks Tech Lab  
  44  5:34  Medivac x2  
  48  5:36  Marine x2  
  50  5:43  Orbital Command  
  50  5:54  Marine x2  
  50  5:55  Terran Vehicle Weapons Level 1  
  52  6:11  Combat Shields  
  52  6:12  Marine x2  
  54  6:28  SCV  
  54  6:29  Marine x2  
  57  6:40  SCV  
  58  6:50  Refinery  
  58  6:52  SCV  
  58  6:54  Siege Tank  
  62  6:56  Marine x2  
  62  6:59  Marauder  
  66  7:05  SCV  
  67  7:14  Marine x2  
  67  7:15  Orbital Command  
  69  7:17  SCV  
  70  7:27  Refinery  
  70  7:41  Marine x2, Siege Tank  
  70  7:42  Marauder  
  77  7:45  Supply Depot  
  77  7:46  Supply Depot  
  77  7:59  Marine  
  78  8:15  Medivac x2  
  78  8:17  Siege Tank  
  87  8:20  Marauder  
  87  8:21  Marine x2  
  89  8:29  SCV  
  90  8:39  Marine x2  
  94  8:41  Marauder  
  94  9:02  Supply Depot  
  94  9:05  Supply Depot  
  94  9:08  Supply Depot  
  94  9:10  Supply Depot  
  94  9:18  Marine  
  94  9:19  Marine  
  94  9:20  SCV  
  92  9:36  Marine  
  92  9:37  Marine  
  92  9:50  Command Center  
  92  9:52  Supply Depot  
  92  9:53  Supply Depot  
  92  9:55  Supply Depot  
  92  9:56  Supply Depot  
  92  9:57  Supply Depot  
  92  10:16  Supply Depot  
  92  10:43  Medivac x2  
  92  10:45  Marine x2  
  97  11:01  Siege Tank  
  97  11:03  Marine x2  
  96  11:20  Viking  
  96  11:21  Marine x2  
  94  11:33  Siege Tank  
  94  11:39  Marine x2  
  99  11:51  Refinery  
  74  13:21  Liberator  
  74  13:22  Liberator  
  48  13:41  Marine x2  
  49  13:44  Marauder  
  49  13:45  Siege Tank  
  48  13:59  Marine x2  
  44  14:04  Liberator x2  
  44  14:05  Marauder  
  46  14:16  Marine  
  46  14:17  Marine, Siege Tank  
  57  14:26  Marauder  
  57  14:32  Supply Depot x2  
  57  14:34  Marine x2  
  57  14:37  Supply Depot  
  56  14:48  Marauder  
  56  14:49  Siege Tank  
  59  14:58  Liberator x2  
  59  15:17  Marauder  
  59  15:20  Reaper  
  59  15:21  Reaper  
  69  15:35  Refinery  
  69  15:39  Marauder  
  71  15:48  Liberator  
  71  15:51  Liberator, Siege Tank  
  71  15:53  Reaper x2  
  76  16:00  Marauder  
  84  16:25  Reaper x2  
  86  16:31  Orbital Command  
  68  17:43  Marine x3  
  68  18:01  Marine x3  
  56  18:18  Marine  
  56  18:19  Marine x2  
  59  18:36  Marine  
  59  18:37  Marine  
  62  18:43  Marauder  
  63  18:54  Marine x2  
  65  19:05  Marauder  
  67  19:12  Marine x2  
  69  19:30  Marine  
  70  19:37  Marauder  
  72  19:51  Barracks  
  70  19:53  Barracks  
  70  19:55  Barracks  
  70  19:58  Marauder  
  70  20:06  Factory Reactor  
  50  20:20  Marauder  
  43  20:29  Viking  
  43  20:32  Marine x2  
  42  20:41  Marauder  
  36  20:50  Marine x2, Widow Mine x2  
  34  20:59  Viking  
  34  21:02  Marauder  
  34  21:07  Marine x2  
  31  21:11  Widow Mine x2  
  17  21:25  Marine  
  17  21:27  Marine  
Tags
 
Add a new tag
Caveats
  • Supply blocks, unpowered buildings, or Contaminate may cause inaccurate times.
  • Supply counts are checked every 10 seconds.